 Dungeon Crawl Stone Soup version 0.18-a0-1323-g706dcef (webtiles) character file.

235 Kidiri the Conjurer (level 5, 0/29 HPs)
             Began as a Deep Elf Conjurer on Feb 15, 2016.
             Killed from afar by an orc wizard (9 damage)
             ... with a magic dart
             ... on level 4 of the Dungeon.
             The game lasted 00:09:22 (3203 turns).

Kidiri the Conjurer (Deep Elf Conjurer)             Turns: 3203, Time: 00:09:22

Health: 0/29       AC:  5    Str:  5    XL:     5   Next: 76%
Magic:  1/13       EV: 14    Int: 26    God:
Gold:   137        SH:  0    Dex: 15    Spells: 3 memorised, 6 levels left

rFire  + . .     SeeInvis .     i - +0 dagger
rCold  x . .     Gourm    .     a - +0 robe
rNeg   . . .     Faith    .     (no shield)
rPois  .         Spirit   .     (no helmet)
rElec  .         Dismiss  .     (no cloak)
rCorr  .         Reflect  .     w - +1 pair of gloves
SustAt .         Harm     .     m - +0 pair of boots
MR     .....                    (no amulet)
Stlth  ++........               p - ring of fire
                                s - +5 ring of intelligence

@: not resistant to hostile enchantments, unstealthy
A: no striking features
a: no special abilities


You were on level 4 of the Dungeon.
You were not hungry.

You visited 1 branch of the dungeon, and saw 4 of its levels.

You collected 137 gold pieces.

Inventory:

Hand Weapons
 i - a +0 dagger (weapon)
Armour
 a - a +0 robe (worn)
 m - a +0 pair of boots (worn)
 w - a +1 pair of gloves (worn)
Jewellery
 p - a ring of fire (right hand)
 s - a +5 ring of intelligence (left hand)
 t - an uncursed ring of sustain attributes
Wands
 x - a wand of disintegration (12/24)
 y - a wand of polymorph (19/24)
Scrolls
 d - a scroll of blinking
 e - a scroll of noise
 g - a scroll of fog
 k - 2 scrolls of recharging
 o - a scroll of immolation
Potions
 j - a potion of lignification
 l - 3 potions of flight
 n - a potion of ambrosia
 v - a potion of cure mutation {unknown}
 A - a potion of haste {unknown}
Books
 b - a book of Conjurations

   Spells                             Type                      Level
   a - Magic Dart                     Conjuration                  1
   b - Searing Ray                    Conjuration                  2
   c - Dazzling Spray                 Conjuration/Hexes            3
   d - Fulminant Prism                Conjuration/Hexes            4
   e - Iskenderun's Mystic Blast      Conjuration                  4
   f - Iskenderun's Battlesphere      Conjuration/Charms           5
Comestibles
 c - 4 bread rations
 f - a meat ration
 h - 4 fruits
 q - a beef jerky
 r - 6 chunks of flesh
 z - a slice of pizza


   Skills:
 + Level 1.2 Fighting
 + Level 1.0 Armour
 * Level 4.1 Dodging
 + Level 3.6 Stealth
 * Level 4.3 Spellcasting
 + Level 4.8 Conjurations
 + Level 1.5 Hexes
 + Level 1.4 Evocations


You had 6 spell levels left.
You knew the following spells:

 Your Spells              Type           Power        Failure   Level  Hunger
a - Magic Dart            Conj           ####         1%          1    None
b - Searing Ray           Conj           ####..       1%          2    None
c - Dazzling Spray        Conj/Hex       ###.....     10%         3    ##.....


Dungeon Overview and Level Annotations

Branches:
Dungeon (4/15)
 Temple: D:4-7

Altars:
Elyvilon
Nemelex Xobeh
Ru
Trog

Annotations:
D:4 inmateoo's ghost, amateur DgSk


Message History

Aiming: Magic Dart
Press: ? - help, Shift-Dir - straight line, f - orc priest
Aim: an orc priest, wielding a flail and wearing a leather armour The magic dart hits the orc priest.
The orc priest is moderately wounded.
The orc wizard closely misses you. The orc priest hits you with a flail.
Unknown command.
Drink which item? (? for menu, Esc to quit)
Okay, then.
The walls and floor vibrate strangely for a moment.
The orc priest looks braver for a moment.
An iguana comes into view.
Unknown command.
The orc priest looks braver for a moment.
The orc priest mumbles some strange prayers to Beogh against you.
Pain shoots through your body!
You hear the rapid hiss of a very distant avalanche of sand.
The orc wizard casts a spell at you. The magic dart hits you!
You die...

#.....................
##>..................).
...#...........#......
###.#....[....o.#......
............o..##......
##.....#.#####l##....##
.............o.........
#####..............#.#
#@....o........._.
#........##..........#.#
#........'..............
#........##.###.........
#........(..#...........
#........####.....######
#........# #...........
#........# ###...(.....
. #.........


You could see an orc priest and an orc wizard.

Vanquished Creatures
  A scorpion (D:4)
  A giant frog skeleton (D:4)
  2 worker ants (D:4)
  2 gnolls (D:4)
  2 adders (D:2)
  2 river rats (D:4)
  An ooze (D:4)
  2 giant geckos
  An orc (D:4)
  A ball python (D:3)
  3 bats
  5 giant cockroaches
  4 goblins
  6 hobgoblins
  5 quokkas
  4 giant newts
  A jackal skeleton (D:4)
  2 kobolds
  4 rats
49 creatures vanquished.

Notes
Turn   | Place    | Note
--------------------------------------------------------------
     0 | D:1      | Kidiri the Deep Elf Conjurer began the quest for the Orb.
     0 | D:1      | Reached XP level 1. HP: 10/10 MP: 6/6
   616 | D:2      | Found a sparkling altar of Nemelex Xobeh.
   653 | D:2      | Found a sacrificial altar of Ru.
   671 | D:2      | Reached XP level 2. HP: 16/16 MP: 4/8
   675 | D:2      | Learned a level 2 spell: Searing Ray
  1194 | D:2      | Reached skill level 1 in Fighting
  1194 | D:2      | Reached XP level 3. HP: 20/20 MP: 6/9
  1203 | D:2      | Learned a level 3 spell: Dazzling Spray
  2032 | D:3      | Found a white marble altar of Elyvilon.
  2554 | D:4      | Noticed inmateoo's ghost (amateur DgSk)
  2601 | D:4      | Reached XP level 4. HP: 18/25 MP: 1/11
  2967 | D:4      | Found a bloodstained altar of Trog.
  3027 | D:4      | Reached skill level 1 in Armour
  3042 | D:4      | Reached skill level 1 in Hexes
  3059 | D:4      | Reached skill level 1 in Evocations
  3059 | D:4      | Reached XP level 5. HP: 24/29 MP: 4/13
  3203 | D:4      | Killed from afar by an orc wizard

Vault maps used:
D:1:      matt_arrival_debris, nrook_uturn
D:2:      nemelex_xobeh_ov_fountains_minmay, nicolae_overflow_crystal_walls,
          grunt_ministairs_7, st_stairs_12
D:3:      lemuel_coloured_pillars_altar
D:4:      wad_woods_tower, lemuel_crystal_altar, minmay_temple_entry_poolview,
          lightli_ossuary_entry_decrepit_ruins, portal_sewer_entry_e

Action                   |  1- 3 |  4- 6 || total
-------------------------+-------+-------++-------
Melee: Dagger            |       |    15 ||    15
 Cast: Magic Dart        |    74 |    22 ||    96
       Dazzling Spray    |       |     6 ||     6
       Searing Ray       |       |     2 ||     2
  Use: Scroll            |     8 |     4 ||    12
       Potion            |       |     1 ||     1
 Stab: Invisible         |       |     2 ||     2
       Sleeping          |       |     2 ||     2
  Eat: Chunk             |     4 |     3 ||     7
